 Dungeon Crawl Stone Soup version 0.30-a0-777-ga9a30cbeda (webtiles) character file.

Game seed: 4017830988823315978

2527 FallingFreak the Trooper (level 9, -19/71 HPs)
             Began as a Formicid Warper on Feb 13, 2023.
             Demolished by a boulder beetle (22 damage)
             ... on level 8 of the Dungeon.
             The game lasted 00:54:26 (10713 turns).

FallingFreak the Trooper (Formicid Warper)         Turns: 10713, Time: 00:54:26

Health: -19/71     AC:  7    Str: 16    XL:     9   Next: 84%
Magic:  14/27      EV: 11    Int: 17    God:
Gold:   406        SH:  0    Dex: 13    Spells: 15/20 levels left

rFire   . . .      SeeInvis +    n - +2 whip (elec)
rCold   . . .      Faith    .    (no shield)
rNeg    + + .      Spirit   .    b - +0 leather armour
rPois   .          Reflect  .    (helmet unavailable)
rElec   .          Harm     .    x - +0 cloak of Hangman {MP+9}
rCorr   .          Rampage  .    H - +0 pair of gloves of the Armoured One {rN++}
Will    .....                    I - +0 pair of boots
Stlth   +                        (no amulet)
HPRegen 0.31/turn                (no ring)
MPRegen 0.20/turn                (no ring)

@: very slightly contaminated
A: permanent stasis, dig shafts and tunnels, antennae 3, four strong arms
a: Dig, Shaft Self


You were on level 8 of the Dungeon.
You visited 1 branch of the dungeon, and saw 8 of its levels.

You collected 406 gold pieces.

Inventory:

Hand Weapons
 a - a +0 mace
 f - a +0 giant club
 n - a +2 whip of electrocution (weapon)
 y - a +2 hand axe of freezing
 B - a +2 short sword of speed
 F - a +0 morningstar
Missiles
 i - 73 stones
 l - 6 boomerangs of dispersal {!f}
 o - 3 javelins
 t - 2 silver boomerangs
 C - 3 poisoned darts (quivered)
 G - 3 boomerangs
Armour
 b - a +0 leather armour (worn)
 p - a +0 scale mail
 x - the +0 cloak of Hangman (worn) {MP+9}
   (You found it on level 3 of the Dungeon)

   MP:        It affects your magic capacity (+9).
 D - a +0 ring mail
 E - a +0 pair of gloves
 H - the +0 pair of gloves of the Armoured One (worn) {rN++}
   (You found it on level 6 of the Dungeon)

   rN:        It greatly protects you from negative energy.
 I - a +0 pair of boots (worn)
 J - a +0 buckler
Jewellery
 w - a ring of ice
Wands
 u - a wand of roots (18)
 K - a wand of charming (1)
Scrolls
 c - 2 scrolls of enchant weapon
 h - a scroll of magic mapping
 r - a scroll of amnesia {unknown}
 v - a scroll of enchant armour
 R - 2 scrolls of vulnerability
 Y - a scroll of brand weapon
Potions
 d - a potion of haste
 e - 3 potions of degeneration {!q}
 g - 2 potions of berserk rage {unknown}
 j - a potion of magic {unknown}
 k - 3 potions of mutation {unknown}
 m - 3 potions of heal wounds {unknown}
 q - 3 potions of brilliance {unknown}
 s - a potion of might {unknown}
 z - 6 potions of curing
 A - 2 potions of attraction {unknown}
 L - a potion of lignification {unknown}


   Skills:
 + Level 6.5 Fighting
 + Level 6.0 Maces & Flails
 - Level 1.0 Throwing
 + Level 6.1 Armour
 - Level 1.7 Dodging
 + Level 6.0 Spellcasting
 + Level 5.8 Translocations


You had 15 spell levels left.
You knew the following spells:

 Your Spells              Type           Power      Damage    Failure   Level
A - Teleport Other        Tloc           24%        N/A       4%          3
Z - Lesser Beckoning      Tloc           48%        N/A       1%          2

Your spell library contained the following spells:

 Spells                   Type           Power      Damage    Failure   Level
 Momentum Strike          Conj/Tloc      30%        3d8       7%          2
 Vhi's Electric Charge    Tloc/Air       30%        N/A       14%         3
 Manifold Assault         Tloc           24%        N/A       14%         4
 Magic Dart               Conj           20%        1d4       16%         1
 Necrotise                Necr           20%        1d5       16%         1
 Sandblast                Erth           10%        2d5       16%         1
 Summon Small Mammal      Summ           20%        N/A       16%         1
 Cigotuvi's Dreadful Rot  Necr/Pois/Air  10%        N/A       22%         2
 Passwall                 Tmut/Erth      4%         N/A       22%         2
 Poisonous Vapours        Pois/Air       10%        N/A       22%         2
 Searing Ray              Conj           10%        2d4       22%         2
 Call Canine Familiar     Summ           5%         N/A       41%         3
 Dazzling Flash           Conj/Hex       10%        N/A       41%         3
 Mephitic Cloud           Conj/Pois/Air  5%         N/A       41%         3
 Stone Arrow              Conj/Erth      10%        3d7       41%         3
 Summon Guardian Golem    Hex/Summ       5%         N/A       41%         3
 Vampiric Draining        Necr           5%         2d6       41%         3
 Iskenderun's Mystic Bla  Conj/Tloc      15%        2d5       41%         4
 Fulminant Prism          Conj/Hex       2%         3d5       83%         4
 Agony                    Necr           5%         N/A       99%         5
 Starburst                Conj/Fire      2%         6d3       100%        6
 Blink                    Tloc           Unusable   N/A       N/A         2

Dungeon Overview and Level Annotations

Branches:
Dungeon (8/15) Zot: 26220
 Temple: D:4-7         Lair: D:8-11

Altars:
Cheibriados
Yredelemnul

Shops:
D:2 *

Annotations:
D:5 Grinder
D:6 Menkaure
D:7 Joseph
D:8 1 runed translucent door, 1 exclusion


Innate Abilities, Weirdness & Mutations

You cannot be hasted, slowed, berserked, paralysed or teleported.
You can dig through walls and to a lower floor.
You have a pair of large antennae on your head. (SInv)
Your four strong arms can wield two-handed weapons with a shield.


Message History

The boulder beetle bites you.
The boulder beetle attacks as you move away!
The boulder beetle bites you!
* * * LOW HITPOINT WARNING * * *
The boulder beetle disappears!
The boulder beetle curls into a ball and begins rolling!
Casting: Teleport Other (dangerous; 4% risk of failure)
Confirm with . or Enter, or press ? or * to list all spells.
Aiming: Teleport Other (dangerous; 4% risk of failure)
Press: ? - help, Shift-Dir - straight line, f/p - boulder beetle
Aim: a boulder beetle (rolling, chance to affect: 47%)
The boulder beetle resists with some effort.
Casting: Teleport Other (dangerous; 4% risk of failure)
Confirm with . or Enter, or press ? or * to list all spells.
Aiming: Teleport Other (dangerous; 4% risk of failure)
Press: ? - help, Shift-Dir - straight line, f/p - boulder beetle
Aim: a boulder beetle (rolling, chance to affect: 47%)
You miscast Teleport Other.
You are very lightly contaminated with residual magic.
Nothing appears to happen.
The boulder beetle closely misses you.
The boulder beetle stops rolling and uncurls.
Casting: Teleport Other (dangerous; 4% risk of failure)
Confirm with . or Enter, or press ? or * to list all spells.
Aiming: Teleport Other (dangerous; 4% risk of failure)
Press: ? - help, Shift-Dir - straight line, f/p - boulder beetle
Aim: a boulder beetle (chance to affect: 47%)
The boulder beetle resists with some effort.
The boulder beetle bites you!
* * * LOW HITPOINT WARNING * * *
Casting: Teleport Other (dangerous; 4% risk of failure)
Confirm with . or Enter, or press ? or * to list all spells.
Aiming: Teleport Other (dangerous; 4% risk of failure)
Press: ? - help, Shift-Dir - straight line, f/p - boulder beetle
Aim: a boulder beetle (chance to affect: 47%)
The boulder beetle looks slightly unstable.
The boulder beetle bites you!
* * * LOW HITPOINT WARNING * * *
The boulder beetle attacks as you move away!
The boulder beetle bites you!!
You die...

#.......#########B.....#
#...............†@.....#
#......................#
#......................#
######################.#
#.# #.# #.# ## #.# ..
#.#.###.. #.......#
#########


You could see a boulder beetle (teleporting).

Vanquished Creatures
  A hornet (D:8)
  3 yaks (D:7)
  A water moccasin (D:5)
  An ice beast (D:5)
  A sky beast (D:7)
  An ogre (D:7)
  A centaur (D:7)
  3 bullfrogs
  2 gnoll sergeants (D:7)
  A necrophage (D:4)
  2 scorpions
  5 hounds
  2 jellies
  An orc priest (D:6)
  3 iguanas
  8 orc wizards
  Robin (D:2)
  8 gnolls
  6 adders
  A white imp (D:6)
  An ufetubus (D:5)
  5 worms
  6 dart slugs
  27 orcs
  5 endoplasms
  2 giant cockroaches
  16 goblins
  11 hobgoblins
  12 jackals
  A quokka (D:4)
  7 ball pythons
  4 bats
  6 kobolds
  6 rats
161 creatures vanquished.

Vanquished Creatures (others)
  2 yaks (D:7)
2 creatures vanquished.

Grand Total: 163 creatures vanquished

Notes
Turn   | Place    | Note
-------+----------+-------------------------------------------
     0 | D:1      | FallingFreak the Formicid Warper began the quest for the
                  | Orb.
     0 | D:1      | Reached XP level 1. HP: 16/16 MP: 3/3
   101 | D:1      | Reached XP level 2. HP: 23/23 MP: 5/5
   761 | D:1      | Increase (s)trength, (i)ntelligence, or (d)exterity?
   761 | D:1      | Reached XP level 3. HP: 16/28 MP: 6/6
  1388 | D:2      | Reached XP level 4. HP: 32/34 MP: 8/8
  1543 | D:2      | Learned a level 3 spell: Teleport Other
  1574 | D:2      | Found Guirekex's Assorted Antiques.
  1705 | D:2      | Noticed Robin
  1723 | D:2      | Killed Robin
  2067 | D:3      | Reached XP level 5. HP: 39/40 MP: 9/9
  2501 | D:3      | Identified the +0 cloak of Hangman {MP+9}
  3012 | D:3      | Reached XP level 6. HP: 46/47 MP: 10/10
  3162 | D:3      | Found a faded altar of an unknown god.
  3636 | D:4      | Noticed an ogre
  4590 | D:4      | Reached XP level 7. HP: 44/53 MP: 12/12
  5022 | D:5      | Entered Level 5 of the Dungeon
  5417 | D:5      | Noticed a water moccasin
  6229 | D:6      | Reached XP level 8. HP: 44/61 MP: 14/14
  6299 | D:6      | Noticed Grinder
  6446 | D:6      | You fall into a shaft and drop 1 floor!
  6748 | D:7      | Learned a level 2 spell: Lesser Beckoning
  6748 | D:7      | Upgraded the game from 0.30-a0-772-g5528072125 to
                  | 0.30-a0-777-ga9a30cbeda
  7104 | D:7      | Reached skill level 5 in Fighting
  7463 | D:7      | Noticed a yak
  7463 | D:7      | Noticed a yak
  7484 | D:7      | Noticed a yak
  7485 | D:7      | Noticed a yak
  7486 | D:7      | Noticed a yak
  7491 | D:7      | Killed a yak
  7494 | D:7      | Killed a yak
  7495 | D:7      | Reached skill level 5 in Maces & Flails
  7495 | D:7      | Reached skill level 5 in Armour
  7495 | D:7      | Reached skill level 5 in Spellcasting
  7495 | D:7      | Reached skill level 5 in Translocations
  7495 | D:7      | Increase (s)trength, (i)ntelligence, or (d)exterity?
  7495 | D:7      | Reached XP level 9. HP: 48/68 MP: 16/16
  7786 | D:7      | Noticed Menkaure
  7955 | D:6      | Found a snail-covered altar of Cheibriados.
  7956 | D:6      | Found a basalt altar of Yredelemnul.
  8361 | D:5      | You miscast Teleport Other.
  8364 | D:5      | You miscast Teleport Other.
  8636 | D:6      | Identified the +0 pair of gloves of the Armoured One {rN++}
  9101 | D:7      | You miscast Lesser Beckoning.
  9539 | D:6      | You miscast Teleport Other.
  9998 | D:8      | Noticed Joseph
 10520 | D:8      | Found a runed translucent door.
 10570 | D:8      | Noticed a hornet
 10577 | D:8      | Killed a hornet
 10683 | D:8      | Noticed a boulder beetle
 10709 | D:8      | You miscast Teleport Other.
 10711 | D:8      | HP: 2/71 [boulder beetle (15)]
 10713 | D:8      | Demolished by a boulder beetle

Illustrated notes

Levels and vault maps discovered:
D:1:      lemuel_arrival_rhombus, layout_rooms, kennysheep_small_spiral,
          minmay_pentomino_p4
D:2:      layout_basic, serial_shops, nicolae_square_shop, uniq_robin
D:3:      kb_forest_paths, layout_basic, hellmonk_ecumenical_altar_leap_of_faith
D:4:      minmay_razor_zed, layout_rooms, minmay_temple_entry_trees,
          moated_statue, minivault_14
D:5:      layout_basic
D:6:      layout_rooms, mainiacjoe_overflow_divided_tiny, uniq_grinder
D:7:      layout_layer_cave, uniq_menkaure
D:8:      minmay_the_grid_triangle_9x9_rhombus_full
          [minmay_the_grid_triangle_9x9_thin_v,
          minmay_the_grid_triangle_9x9_shrine,
          minmay_the_grid_triangle_9x9_dagger,
          minmay_the_grid_triangle_9x9_cache,
          minmay_the_grid_triangle_9x9_sparse_checkered,
          minmay_the_grid_triangle_9x9_sprig,
          minmay_the_grid_triangle_9x9_from_above,
          minmay_the_grid_triangle_9x9_prize_center], layout_basic,
          lightli_church_of_beogh, uniq_grum, uniq_joseph

Skill      XL: |  1  2  3  4  5  6  7  8  9 |
---------------+----------------------------+-----
Translocations | 3 4 5 |  5.8
Armour         | 2 3 4 5 6 |  6.1
Fighting       | 3 4 5 6 |  6.5
Spellcasting   | 3 4 5 6 |  6.0
Maces & Flails | 3 4 5 6 |  6.0
Throwing       | |  1.0
Dodging        | |  1.7

Action                     |  1- 3 |  4- 6 |  7- 9 || total
---------------------------+-------+-------+-------++-------
  Melee: Mace              |    95 |       |       ||    95
         Whip              |     2 |   220 |   263 ||   485
         Punch             |     1 |     2 |     6 ||     9
         Giant club        |       |       |     2 ||     2
  Throw: Dart              |     3 |     6 |    59 ||    68
         Stone             |     1 |       |       ||     1
         Javelin           |       |     7 |     3 ||    10
         Boomerang         |       |     9 |    43 ||    52
   Cast: Teleport Other    |       |       |    30 ||    30
         Lesser Beckoning  |       |       |     9 ||     9
Ability: Dig               |       |     1 |       ||     1
         Shaft Self        |       |       |     1 ||     1
  Evoke: Wand              |       |       |    11 ||    11
    Use: Scroll            |       |       |     9 ||     9
   Stab: Sleeping          |       |     1 |       ||     1
 Armour: Leather armour    |    38 |    38 |    78 ||   154
  Dodge: Dodged            |    57 |   108 |   164 ||   329

Table legend: (Time is in decaauts)
 A = Elapsed time spent in this place.
 B = Non-inter-level travel time spent in this place.
 C = Inter-level travel time spent in this place.
 D = Time resting spent in this place.
 E = Time spent auto-exploring this place.
 F = Levels seen in this place.
 G = Mean time per level.
                   A        B        C        D        E       F      G
               +--------+--------+--------+--------+--------+-----+--------+
         Total |  10715 |  10338 |    377 |   3201 |   4743 |   8 | 1339.4 |
       Dungeon |  10715 |  10338 |    377 |   3201 |   4743 |   8 | 1339.4 |
               +--------+--------+--------+--------+--------+-----+--------+

Top non-repeatable levels by time:
     D:7: 2115 daAuts
     D:5: 1619 daAuts
     D:4: 1585 daAuts
     D:3: 1483 daAuts
     D:6: 1174 daAuts
     D:1: 1090 daAuts
     D:2: 912 daAuts
     D:8: 733 daAuts
